 Dungeon Crawl Stone Soup version 0.28.0-45-g0d030f2227 (webtiles) character file.

Game seed: 14102209215961851995

58 Descartes the Grave Robber (level 3, -2/20 HPs)
             Began as a Deep Elf Wanderer on Apr 1, 2022.
             Slain by a black bear (4 damage)
             ... created by the rage of Trog
             ... on level 1 of the Dungeon.
             The game lasted 00:04:50 (2402 turns).

Descartes the Grave Robber (Deep Elf Wanderer)      Turns: 2402, Time: 00:04:52

Health: -2/20      AC:  4    Str:  7    XL:     3   Next: 76%
Magic:  8/10       EV: 12    Int: 19    God:
Gold:   98         SH:  0    Dex: 15    Spells: 8/10 levels left

rFire   . . .      SeeInvis .   a - +0 dagger
rCold   . . .      Faith    .   i - orb {guile}
rNeg    . . .      Spirit   .   c - +0 robe
rPois   .          Reflect  .   (no helmet)
rElec   .          Harm     .   j - +0 cloak
rCorr   .          Rampage  .   (no gloves)
Will    .....                   b - +0 pair of boots
Stlth   ++........              (no amulet)
HPRegen 0.06/turn               (no ring)
MPRegen 0.12/turn               (no ring)

@: weak-willed
A: no striking features
a: no special abilities


You were on level 1 of the Dungeon.
You visited 1 branch of the dungeon, and saw 2 of its levels.

You collected 98 gold pieces.

Inventory:

Hand Weapons
 a - a +0 dagger (weapon)
Missiles
 h - 70 stones (quivered)
Armour
 b - a +0 pair of boots (worn)
 c - a +0 robe (worn)
 i - an orb of guile (worn)
 j - a +0 cloak (worn)
 p - the +1 chain mail "Wonev" {rPois Int+3 Dex+3 SInv}
   (You took it off a kobold on level 2 of the Dungeon)

   Int:       It affects your intelligence (+3).
   Dex:       It affects your dexterity (+3).
   rPois:     It protects you from poison.
   SInv:      It lets you see invisible.
Scrolls
 e - 2 scrolls of teleportation {unknown}
 f - a scroll of torment {unknown}
 g - a scroll of identify
 k - a scroll of immolation
Potions
 d - 3 potions of curing
 l - 2 potions of might {unknown}
 m - a potion of mutation {unknown}
 n - a potion of attraction {unknown}


   Skills:
 - Level 1.0 Fighting
 + Level 2.4 Dodging
 - Level 2.4 Stealth
 - Level 4.0 Spellcasting
 - Level 6.5 Necromancy


You had 8 spell levels left.
You knew the following spells:

 Your Spells              Type           Power      Damage    Failure   Level
a - Pain                  Necr           100%       1d9       1%          1
b - Animate Skeleton      Necr           56%        N/A       1%          1

Your spell library contained the following spells:

 Spells                   Type           Power      Damage    Failure   Level
 Vampiric Draining        Necr           28%        2d8       2%          3
 Beastly Appendage        Tmut           6%         N/A       14%         1
 Wereblood                Tmut           3%         N/A       21%         2
 Spider Form              Tmut/Pois      3%         N/A       38%         3


Dungeon Overview and Level Annotations

Branches:
Dungeon (2/15)

Altars:
Trog

Annotations:
D:2 Robin


Message History

You kill the goblin!
The hobgoblin hits you but does no damage.
You see here a +0 club.
Casting: Pain (safe; 1% risk of failure)
Confirm with . or Enter, or press ? or * to list all spells.
Aiming: Pain (safe; 1% risk of failure)
Press: ? - help, Shift-Dir - straight line, f - hobgoblin
Aim: a hobgoblin (strong, chance to affect: 93%)
The hobgoblin writhes in agony!
You kill the hobgoblin!
Trog sends monsters to punish you. 2 black bears and 2 polar bears come into view.
As you read the scroll labelled SIHIACOCSU, it crumbles to dust.
The creatures around you are filled with an inner flame!
It was a scroll of immolation.
As you read the scroll labelled QIERIA ECETYAJUJU, it crumbles to dust.
It is a scroll of identify.
o - a scroll of vulnerability The black bear rages.
The polar bear barely misses you. The polar bear closely misses you.
The polar bear barely misses you.
Really read the scroll of vulnerability? [Y]es or [N]o only, please.
Really read the scroll of vulnerability?
Okay, then.
Really read the scroll of vulnerability?
As you read the scroll of vulnerability, it crumbles to dust.
Magic quickly surges around you. The polar bear bites you.
* * * LOW HITPOINT WARNING * * *
The polar bear misses you. The polar bear barely misses you.
The black bear rages.
The polar bear closely misses you.
The polar bear claws you but does no damage.
The polar bear claws you.
* * * LOW HITPOINT WARNING * * *
The black bear bites you but does no damage.
The black bear claws you.
* * * LOW HITPOINT WARNING * * *
The black bear claws you.
You die...

.######....###.# #....#
...........# #.##
##..###
#####......###..###.#.#
#.#............##.#
#.#.##........###.#
#.#..........## #.#
#.########.#.####.# #.#
#.#hhh...# #.#
#.#@###### #.# #.#h#
#.# #.#.# #.#
#.#)####### #.#
#.........# #.#
###.#####.# #.# #.# #.#
#.# ##.# #.# ##.## #..#
#.#


You could see 2 polar bears and 2 black bears.

Vanquished Creatures
  An adder (D:2)
  2 worms (D:2)
  A dart slug (D:2)
  3 bats (D:1)
  3 endoplasms (D:1)
  2 giant cockroaches (D:1)
  8 goblins
  5 hobgoblins
  A quokka (D:2)
  4 ball pythons
  3 frilled lizards
  2 kobolds
  4 rats
39 creatures vanquished.

Notes
Turn   | Place    | Note
-------+----------+-------------------------------------------
     0 | D:1      | Descartes the Deep Elf Wanderer began the quest for the
                  | Orb.
     0 | D:1      | Descartes set off with the following items: a +0 dagger, a
                  | +0 pair of boots, a +0 robe, a potion of curing; and the
                  | following spells available to memorise: Animate Skeleton,
                  | Pain, Vampiric Draining
     0 | D:1      | Reached XP level 1. HP: 12/12 MP: 6/6
    25 | D:1      | Learned a level 1 spell: Animate Skeleton
    27 | D:1      | Learned a level 1 spell: Pain
   481 | D:1      | Reached skill level 1 in Dodging
   481 | D:1      | Reached XP level 2. HP: 14/16 MP: 6/8
  1568 | D:2      | Reached XP level 3. HP: 19/20 MP: 8/10
  1676 | D:2      | Identified the +1 chain mail "Wonev" {rPois Int+3 Dex+3
                  | SInv}
  2264 | D:2      | Found a faded altar of an unknown god.
  2275 | D:2      | Prayed at the altar of an unknown god.
  2275 | D:2      | Became a worshipper of Trog the Wrathful
  2275 | D:2      | Reached * piety under Trog
  2276 | D:2      | Fell from the grace of Trog
  2334 | D:2      | Noticed Robin
  2400 | D:1      | Noticed a black bear
  2400 | D:1      | Noticed a polar bear
  2400 | D:1      | Noticed a black bear
  2400 | D:1      | Noticed a polar bear
  2402 | D:1      | Slain by a black bear

Illustrated notes

Levels and vault maps discovered:
D:1:      amcnicky_arrival_wind_blow, layout_loops_ring, dk_noncrumbling_4,
          minmay_pentomino_o4
D:2:      layout_basic, chequers_ecumenical_altar_simple_redux, uniq_robin

Skill      XL: |  1  2  3 |
---------------+----------+-----
Dodging        | 1 2 |  2.4
Spellcasting   | 4 |  4.0
Fighting       | |  1.0
Stealth        | |  2.4
Necromancy     | |  6.5

Action                   || total
-------------------------++-------
Melee: Dagger            ||    60
 Cast: Pain              ||    59
       Animate Skeleton  ||     5
Invok: Renounce Religion ||     1
  Use: Scroll            ||     3
 Stab: Sleeping          ||     2
Armor: Robe              ||    31
Dodge: Dodged            ||    65
